 Dungeon Crawl Stone Soup version 0.29-a0-334-gb41bcbb86e (webtiles) character file.

Game seed: 16035730771758032165

32987 Dauddaud the Tortoise (level 13, -11/124 HPs)
             Began as a Minotaur Berserker on Apr 14, 2022.
             Was a Believer of Trog.
             Mangled by an orc knight
             ... wielding a +0 long sword
              (14 damage)
             ... on level 12 of the Dungeon.
             The game lasted 01:07:53 (18476 turns).

Dauddaud the Tortoise (Minotaur Berserker)         Turns: 18476, Time: 01:07:54

Health: -11/124    AC: 25    Str: 27    XL:     13   Next: 34%
Magic:  0/21       EV:  7    Int:  4    God:    Trog [**....]
Gold:   1171       SH:  6    Dex: 10    Spells: 12/12 levels left

rFire   . . .      SeeInvis .   h - +1 demon whip (venom)
rCold   + . .      Faith    .   N - +0 kite shield
rNeg    . . .      Spirit   +   b - +5 plate armour
rPois   .          Reflect  .   (helmet restricted)
rElec   .          Harm     .   (no cloak)
rCorr   +          Rampage  .   B - +1 pair of gloves
Will    +....      Clarity  +   (no boots)
Stlth   ..........              x - amulet of guardian spirit
HPRegen 0.30/turn               L - ring of resist corrosion
MPRegen 0.17/turn               t - ring of magical power

@: on berserk cooldown, slowed, very slow
A: horns 2, retaliatory headbutt, clarity, cold resistance 1, strong-willed 1,
sturdy frame 1
a: Renounce Religion, Berserk, Trog's Hand


You were on level 12 of the Dungeon.
You worshipped Trog.
Trog was pleased with you.
You visited 1 branch of the dungeon, and saw 13 of its levels.

You collected 1171 gold pieces.

Inventory:

Hand Weapons
 a - a +1 broad axe
 h - a +1 demon whip of venom (weapon)
 o - a +3 battleaxe of venom
 p - a +0 flail
 W - a +4 trident of flaming
Missiles
 m - 17 poisoned darts (quivered)
Armour
 b - a +5 plate armour (worn)
 s - a +4 plate armour of fire resistance
 B - a +1 pair of gloves (worn)
 F - a +2 plate armour of poison resistance
 N - a +0 kite shield (worn)
Jewellery
 r - a ring of positive energy
 t - a ring of magical power (right hand)
 x - an amulet of guardian spirit (around neck)
 L - a ring of resist corrosion (left hand)
Wands
 l - a wand of charming (4)
 J - a wand of flame (7)
 O - a wand of paralysis (12)
 T - a wand of polymorph (16)
Scrolls
 g - a scroll of blinking
 i - a scroll of fog {unknown}
 k - 8 scrolls of teleportation
 n - 4 scrolls of immolation
 q - 2 scrolls of noise {unknown}
 C - a scroll of vulnerability
 D - 3 scrolls of magic mapping
 K - a scroll of holy word
 S - a scroll of silence
Potions
 c - 2 potions of cancellation
 f - 4 potions of flight
 j - 2 potions of might
 u - 2 potions of berserk rage
 z - 2 potions of haste
 A - a potion of heal wounds
 G - a potion of magic
 M - a potion of mutation
 P - 3 potions of lignification
Miscellaneous
 d - a phantom mirror
 e - a box of beasts


   Skills:
 + Level 14.0 Fighting
 - Level 6.1(12.4) Axes
 * Level 4.9(6.3) Maces & Flails
 - Level 16.0(16.4) Polearms
 - Level 16.1 Armour
 - Level 2.1 Dodging
 - Level 0.1 Stealth


You had 12 spell levels left.
You didn't know any spells.
Your spell library was empty.

Dungeon Overview and Level Annotations

Branches:
Dungeon (13/15) Temple (0/1) D:6 Lair (0/6) D:8 Orc (0/2) D:10 Vaults (0/5) D:12 D:13

Altars:
Ashenzari
Cheibriados
Dithmenos
Elyvilon
Gozag
Kikubaaqudgha
Trog
Vehumet
Yredelemnul
Zin
Beogh

Shops:
D:5 (   D:8 (   D:10 [


Innate Abilities, Weirdness & Mutations

You have a pair of horns on your head.
You reflexively headbutt those who attack you in melee.
You possess an exceptional clarity of mind.
Your flesh is cold resistant. (rC+)
You are strong-willed. (Will+)
Your movements are slightly less encumbered by armour. (ER -2)


Message History

Trog accepts your kill. The two-headed ogre barely misses you.
You furiously retaliate!
You headbutt the two-headed ogre!! You block the two-headed ogre's attack.
Your Fighting skill increases to level 14!
You hit the orc knight.
The orc knight looks as sick as possible!
The orc knight is heavily wounded.
The human hits you but does no damage. The orc knight barely misses you.
You barely miss the orc knight. You headbutt the orc knight!
The orc knight is almost dead.
The human barely misses you.
The orc knight hits you with a +0 long sword!
* * * LOW HITPOINT WARNING * * *
The two-headed ogre hits you with a +0 giant club!
* * * LOW HITPOINT WARNING * * *
The two-headed ogre hits you but does no damage.
You whack the two-headed ogre!
The two-headed ogre looks as sick as possible!
The two-headed ogre is almost dead.
The human hits you but does no damage.
The orc knight hits you with a +0 long sword!
* * * LOW HITPOINT WARNING * * *
You closely miss the human. You headbutt the human!
You kill the human!
Trog accepts your kill.
The two-headed ogre hits you with a +0 giant club!
* * * LOW HITPOINT WARNING * * *
The two-headed ogre hits you with a +0 giant club!
* * * LOW HITPOINT WARNING * * *
You are too berserk!
You hit the orc knight but do no damage.
The orc knight is almost dead.
You are no longer berserk.
You are exhausted.
You feel yourself slow down.
You kill the two-headed ogre!
Trog accepts your kill.
The orc knight yells noisily, in orcish tradition.
The orc knight hits you with a +0 long sword!
You die...

......###..#......#....#......#..
........#..#......#....#......#..
........#..'......##...#..))..#..
........#..#.......#...#.))...#..
........#..#....>)##...#(.....#..
#######.#.[#......#....#......#..
......#.#..#......'....#......#..
......#.#..########....#......#..
......#'#......o@......########..
...............>†................
..............†#)#####...........
...............#.....#...........
...........###.###...#......#####
...........#§...☼#...#......#
...........#.....#####.....######
.########....._............#8....
.# #..#.....#.........#..##.


You could see an orc knight (extremely poisoned).

Vanquished Creatures
  Snorg (D:11)
  The ghost of martbhell the Fighter, a journeyman MiBe of Trog (D:12)
  A hydra (D:11)
  3 boulder beetles
  3 death knights (D:11)
  9 two-headed ogres
  Amaemon (D:11)
  Lodul (D:12)
  A deep troll (D:10)
  An orc knight (D:11)
  3 cyclopes
  4 manticores (D:11)
  2 ugly things (D:12)
  Joseph (D:7)
  An orange demon (D:11)
  A gargoyle (D:12)
  Psyche (D:11)
  An unseen horror (D:11)
  2 rime drakes (D:12)
  5 komodo dragons
  5 trolls
  A hornet (D:10)
  3 shadows
  A culicivora (shapeshifter) (D:11)
  2 wyverns
  26 yaks
  4 humans (D:12)
  A basilisk (D:10)
  A steam dragon (D:7)
  7 vampire mosquitoes
  A warg (D:12)
  6 acid dragons
  A water moccasin (D:8)
  8 orc warriors
  A sky beast (D:7)
  A black bear (D:6)
  10 ogres
  13 centaurs
  A kobold brigand (D:10)
  8 gnoll sergeants
  4 bullfrogs
  2 scorpions
  2 necrophages
  8 wights
  2 howler monkeys
  2 electric eels (D:9)
  2 jellies
  4 hounds
  5 orc priests
  2 gnoll shamans
  4 iguanas
  12 orc wizards
  28 gnolls
  10 adders
  2 shadow imps
  6 white imps
  4 worms
  4 dart slugs
  32 orcs
  7 ball pythons
  5 endoplasms (D:1)
  2 giant cockroaches
  6 goblins
  6 hobgoblins
  5 kobolds
  5 quokkas
  9 bats
  10 frilled lizards
  7 rats
341 creatures vanquished.

Vanquished Creatures (others)
  14 plants
14 creatures vanquished.

Grand Total: 355 creatures vanquished

Notes
Turn   | Place    | Note
-------+----------+-------------------------------------------
     0 | D:1      | Dauddaud the Minotaur Berserker began the quest for the
                  | Orb.
     0 | D:1      | Reached XP level 1. HP: 19/19 MP: 0/0
   136 | D:1      | Reached XP level 2. HP: 19/26 MP: 1/1
   534 | D:1      | Reached skill level 5 in Axes
   542 | D:1      | Reached XP level 3. HP: 27/31 MP: 2/2
   661 | D:1      | Reached ** piety under Trog
  1138 | D:2      | Reached XP level 4. HP: 16/39 MP: 3/3
  1547 | D:2      | Gained mutation: You have sharp fingernails. [potion of
                  | mutation]
  1547 | D:2      | Gained mutation: You are strong-willed. (Will+) [potion of
                  | mutation]
  1547 | D:2      | Gained mutation: You have a pair of large horns on your
                  | head. [potion of mutation]
  1547 | D:2      | Gained mutation: You are partially covered in iridescent
                  | scales. (AC +2) [potion of mutation]
  1548 | D:2      | Lost mutation: You have sharp fingernails. [potion of
                  | mutation]
  1548 | D:2      | Lost mutation: You have a pair of large horns on your head.
                  | [potion of mutation]
  1548 | D:2      | Lost mutation: You are partially covered in iridescent
                  | scales. (AC +2) [potion of mutation]
  1548 | D:2      | Gained mutation: Your flesh is cold resistant. (rC+)
                  | [potion of mutation]
  1548 | D:2      | Gained mutation: Your movements are slightly less
                  | encumbered by armour. (ER -2) [potion of mutation]
  1548 | D:2      | Gained mutation: You possess an exceptional clarity of
                  | mind. [potion of mutation]
  1655 | D:2      | Reached skill level 1 in Polearms
  2418 | D:3      | Reached XP level 5. HP: 29/45 MP: 4/4
  2645 | D:3      | Found a faded altar of an unknown god.
  3753 | D:4      | Reached skill level 5 in Polearms
  3760 | D:4      | Reached XP level 6. HP: 42/51 MP: 5/5
  4129 | D:5      | Entered Level 5 of the Dungeon
  4521 | D:5      | Reached XP level 7. HP: 57/57 MP: 6/6
  4611 | D:5      | Reached *** piety under Trog
  4645 | D:5      | Found a shadowy altar of Dithmenos.
  5080 | D:5      | Found Ehoeted's Weapon Boutique.
  5470 | D:6      | Identified the +9 rapier "Xuxoesac" {drain, Str+2 Int+3
                  | Dex+2}
  5725 | D:6      | Found a white marble altar of Elyvilon.
  5787 | D:6      | Found a staircase to the Ecumenical Temple.
  5805 | D:6      | Reached XP level 8. HP: 61/64 MP: 7/7
  5955 | D:6      | Reached skill level 10 in Polearms
  7102 | D:7      | Reached XP level 9. HP: 70/70 MP: 7/8
  7181 | D:7      | Noticed Joseph
  7198 | D:7      | Killed Joseph
  8058 | D:8      | Found a broken altar of Ashenzari.
  8299 | D:8      | Found a radiant altar of Vehumet.
  8588 | D:8      | Noticed a moth of wrath
  8591 | D:8      | Found a bloodstained altar of Trog.
  8775 | D:8      | Found a basalt altar of Yredelemnul.
  8927 | D:8      | Reached skill level 15 in Polearms
  8954 | D:8      | Reached XP level 10. HP: 45/77 MP: 7/9
  9306 | D:8      | Found Xeweg's Antique Weapon Shoppe.
  9386 | D:8      | Found a staircase to the Lair.
  9690 | D:8      | Noticed a cyclops
  9712 | D:8      | Killed a cyclops
 10129 | D:8      | Reached skill level 5 in Armour
 10134 | D:8      | Reached skill level 5 in Fighting
 10443 | D:9      | Found an opulent altar of Gozag.
 10445 | D:9      | Found a snail-covered altar of Cheibriados.
 10472 | D:9      | Found a glowing silver altar of Zin.
 10473 | D:9      | Noticed an angel
 10787 | D:9      | Found an ancient bone altar of Kikubaaqudgha.
 11693 | D:10     | Entered Level 10 of the Dungeon
 11695 | D:10     | Noticed a two-headed ogre
 11701 | D:10     | Reached XP level 11. HP: 94/94 MP: 10/10
 11707 | D:10     | Killed a two-headed ogre
 12324 | D:10     | Noticed a deep troll
 12328 | D:10     | Killed a deep troll
 12329 | D:10     | Reached skill level 10 in Armour
 12520 | D:10     | Found Vuaseit's Armour Shop.
 12763 | D:10     | Reached skill level 10 in Fighting
 13033 | D:10     | Found a staircase to the Orcish Mines.
 13159 | D:10     | Reached **** piety under Trog
 13222 | D:11     | Noticed an eight-headed hydra
 13233 | D:11     | Killed an eight-headed hydra
 13433 | D:11     | Noticed a boulder beetle
 13444 | D:11     | Killed a boulder beetle
 13478 | D:11     | Noticed a boulder beetle
 13491 | D:11     | Killed a boulder beetle
 13543 | D:11     | Noticed Snorg
 13562 | D:11     | Killed Snorg
 13563 | D:11     | Reached XP level 12. HP: 110/110 MP: 11/11
 14128 | D:11     | Noticed a death knight
 14140 | D:11     | Killed a death knight
 14149 | D:11     | Noticed Psyche
 14175 | D:11     | Killed Psyche
 14182 | D:11     | Noticed a death knight
 14405 | D:11     | Identified the +1 robe of Xeizat {*Corrode rF++ Archmagi}
 14425 | D:11     | Noticed a death knight
 14442 | D:11     | Killed a death knight
 14692 | D:11     | Killed a death knight
 14781 | D:11     | Noticed a two-headed ogre
 14785 | D:11     | Killed a two-headed ogre
 14888 | D:11     | Noticed Amaemon
 14903 | D:11     | Killed Amaemon
 15277 | D:11     | Noticed a two-headed ogre
 15285 | D:11     | Killed a two-headed ogre
 15286 | D:11     | Reached skill level 1 in Maces & Flails
 15286 | D:11     | Reached skill level 15 in Armour
 15431 | D:12     | Found an ancient bone altar of Kikubaaqudgha.
 15811 | D:12     | Noticed a two-headed ogre
 15811 | D:12     | Noticed a two-headed ogre
 15811 | D:12     | Noticed a two-headed ogre
 15819 | D:12     | Noticed Lodul
 15820 | D:12     | Noticed a two-headed ogre
 15823 | D:12     | Noticed a two-headed ogre
 15824 | D:12     | Killed a two-headed ogre
 15826 | D:12     | Noticed a six-headed hydra
 15829 | D:12     | Killed Lodul
 15833 | D:12     | Killed a two-headed ogre
 15834 | D:12     | Killed a two-headed ogre
 15834 | D:12     | Noticed a boulder beetle
 15835 | D:12     | Reached XP level 13. HP: 115/122 MP: 12/12
 16724 | D:12     | HP: 6/122 [centaur/arrow (9)]
 17941 | D:12     | Found a runed translucent gate.
 17942 | D:12     | Found a runed translucent gate.
 17952 | D:12     | Found a runed translucent gate.
 17953 | D:12     | Noticed martbhell's ghost (journeyman MiBe)
 17954 | D:12     | Identified the +6 chain mail "Wuadewom" {Harm}
 18210 | D:12     | Killed martbhell's ghost
 18420 | D:13     | Found a gate to the Vaults.
 18474 | D:12     | HP: 5/186 [two-headed ogre/+0 giant club (5)]
 18476 | D:12     | Mangled by an orc knight

Illustrated notes

Levels and vault maps discovered:
D:1:      lightli_iron_boxes, layout_loops_ring, minmay_tromino_v4_a
D:2:      layout_loops_corners, minmay_liquid_box, hangedman_glass_teeth,
          minmay_misc_feat_nine_boxes, kennysheep_generic_room_6
D:3:      layout_basic, ebering_ecumenical_altar_box
D:4:      layout_cave_pools
D:5:      layout_cave_pods, grunt_dithmenos_smoke_and_mirrors, serial_shops,
          shop, serial_park, serial_park_fountain, serial_park_tiny_1,
          serial_park_tiny_1, serial_park_square3 [serial_park_minivault_5x5_4]
D:6:      layout_layer_cave, nicolae_elyvilon_peaceful_grove,
          minmay_temple_entry_large_hall, hangedman_decor_points,
          hangedman_decor_riveting
D:7:      layout_gridville, uniq_joseph
D:8:      minmay_skewed_foursquare, layout_basic, amcnicky_altar_gilded,
          ashenzari_conservatory_becter, tgw_trog, lemuel_crystal_altar,
          david_lair_shrubbed, serial_shops, nicolae_shop_stone,
          item_on_display_a
D:9:      layout_loops_cross, zin_angel,
          chequers_temple_overflow_statue_of_worship,
          mainiacjoe_overflow_chevrons, minivault_14, minmay_strange_pillars
D:10:     dreamdust_cave_troll, layout_rooms,
          kennysheep_orc_monster_closet_entryway, serial_shops,
          nicolae_shop_behind_doors, statue_in_the_mist_lemuel,
          minmay_lizard_king
D:11:     minmay_the_grid_octo_2x2 [minmay_the_grid_octo_toaster,
          minmay_the_grid_octo_thin_diamonds, minmay_the_grid_octo_checkered,
          minmay_the_grid_octo_prize_single_spiral], layout_irregular_city,
          uniq_amaemon, uniq_psyche, uniq_snorg
D:12:     layout_irregular_city, portal_ice_cave_rime,
          biasface_ghost_orc_armoury, nicolae_kikubaaqudgha_miasma_corner,
          uniq_lodul
D:13:     layout_roguey, david_vaults_3, blue_anna_alchemist

Skill      XL: |  1  2  3  4  5  6  7  8  9 10 11 12 13 |
---------------+----------------------------------------+-----
Axes           | 4 5 6 |  6.1
Polearms       | 2 5 7 9 12 16 | 16.0
Fighting       | 7 11 13 14 | 14.0
Armour         | 8 12 15 16 | 16.1
Maces & Flails | 3 4 |  4.9
Dodging        | |  2.1
Stealth        | |  0.1

Action                   |  1- 3 |  4- 6 |  7- 9 | 10-12 | 13-15 || total
-------------------------+-------+-------+-------+-------+-------++-------
Melee: Hand axe          |    68 |     3 |       |       |       ||    71
       Headbutt          |    13 |    11 |    31 |   129 |    35 ||   219
       Halberd           |       |   145 |   107 |       |       ||   252
       Spear             |       |       |   132 |   385 |       ||   517
       Punch             |       |       |     1 |       |       ||     1
       Trident           |       |       |       |   251 |   117 ||   368
       Demon whip        |       |       |       |       |    22 ||    22
Throw: Dart              |       |       |       |     2 |    13 ||    15
Invok: Berserk           |       |     3 |     8 |    23 |     5 ||    39
       Trog's Hand       |       |     2 |     6 |    18 |     9 ||    35
  Use: Scroll            |       |     7 |     4 |     9 |    10 ||    30
       Potion            |       |     2 |       |     2 |     3 ||     7
Armor: Animal skin       |     2 |       |       |       |       ||     2
       Ring mail         |    20 |       |       |       |       ||    20
       Scale mail        |     4 |     2 |       |       |       ||     6
       Chain mail        |       |    42 |    46 |       |       ||    88
       Plate armour      |       |       |    55 |   281 |   135 ||   471
Dodge: Dodged            |    33 |    72 |    62 |   129 |    77 ||   373
Block: Kite shield       |       |       |    12 |   120 |    63 ||   195

Table legend: (Time is in decaauts)
 A = Elapsed time spent in this place.
 B = Non-inter-level travel time spent in this place.
 C = Inter-level travel time spent in this place.
 D = Time resting spent in this place.
 E = Time spent auto-exploring this place.
 F = Levels seen in this place.
 G = Mean time per level.
                   A        B        C        D        E       F      G
               +--------+--------+--------+--------+--------+-----+--------+
         Total |  18581 |  18049 |    532 |   5838 |   9708 |  13 | 1429.3 |
       Dungeon |  18581 |  18049 |    532 |   5838 |   9708 |  13 | 1429.3 |
               +--------+--------+--------+--------+--------+-----+--------+

Top non-repeatable levels by time:
    D:11: 3079 daAuts
     D:8: 2274 daAuts
    D:12: 2271 daAuts
     D:9: 1606 daAuts
     D:7: 1493 daAuts
     D:6: 1418 daAuts
     D:2: 1257 daAuts
    D:10: 1214 daAuts
     D:3: 1142 daAuts
     D:5: 1057 daAuts
     D:1: 1054 daAuts
     D:4: 708 daAuts
    D:13: 4 daAuts
